 Dungeon Crawl Stone Soup version 0.20.1-1-g8b1a95d (webtiles) character file.

639 Gargoyl the Covered (level 7, 0/60 HPs)
             Began as a Minotaur Abyssal Knight on July 31, 2017.
             Was a Believer of Lugonu.
             Slain by an ogre
             ... wielding a +0 giant club
              (16 damage)
             ... on level 5 of the Dungeon.
             The game lasted 00:05:43 (3768 turns).

Gargoyl the Covered (Minotaur Abyssal Knight)       Turns: 3768, Time: 00:05:43

Health: 0/60       AC: 13    Str: 17    XL:     7   Next: 26%
Magic:  8/8        EV:  5    Int:  9    God:    Lugonu [**....]
Gold:   122        SH:  8    Dex: 11    Spells: 6/6 levels left

rFire    . . .     SeeInvis .   a - +2 hand axe
rCold    . . .     Gourm    .   k - +0 shield
rNeg     . . .     Faith    .   e - +0 chain mail
rPois    .         Spirit   .   (helmet restricted)
rElec    .         Reflect  .   (no cloak)
rCorr    .         Harm     .   q - +2 pair of gloves
MR       .....                  (no boots)
Stlth    ..........             (no amulet)
Regen    0.2/turn               (no ring)
MPRegen  0.2/turn               (no ring)

@: no status effects
A: retaliatory headbutt, horns 2
a: Depart the Abyss, Bend Space, Renounce Religion


You were on level 5 of the Dungeon.
You worshipped Lugonu.
Lugonu was pleased with you.
You were not hungry.

You visited 1 branch of the dungeon, and saw 5 of its levels.
You visited the Abyss 1 time.

You collected 278 gold pieces.
You spent 156 gold pieces at shops.

Inventory:

Hand Weapons
 a - a +2 hand axe (weapon)
Armour
 e - a +0 chain mail (worn)
 k - a +0 shield (worn)
 q - a +2 pair of gloves (worn)
Scrolls
 f - 6 scrolls of teleportation
 n - a scroll of enchant weapon
 o - 3 scrolls of identify
 r - a scroll of vulnerability {unknown}
Potions
 d - a potion of brilliance {unknown}
 g - 2 potions of heal wounds
 h - a potion of curing
 i - a potion of degeneration {unknown}
 j - 2 potions of berserk rage {unknown}
 m - a potion of resistance {unknown}
 p - a potion of mutation {unknown}
 t - 2 potions of flight {unknown}
Books
 l - a book of Misfortune

   Spells                             Type                      Level
   a - Confusing Touch                Hexes                        1
   b - Confuse                        Hexes                        3
   c - Gell's Gravitas                Translocation                3
   d - Petrify                        Transmutation/Earth          4
   e - Metabolic Englaciation         Hexes/Ice                    5
   f - Yara's Violent Unravelling     Hexes/Transmutation          5
Comestibles
 b - 4 fruits
 c - 3 bread rations
 s - a meat ration


   Skills:
 + Level 4.8 Fighting
 + Level 5.0 Axes
 * Level 6.1 Armour
 + Level 2.0 Dodging
 + Level 1.6 Shields
 * Level 3.9 Invocations


You had 6 spell levels left.
You didn't know any spells.

Dungeon Overview and Level Annotations

Branches:
Dungeon (5/15)
 Temple: D:4-7

Altars:
Cheibriados
Dithmenos
Kikubaaqudgha
Okawaru
Uskayaw
Vehumet
Xom
The Shining One

Shops:
D:5 =*[}


Innate Abilities, Weirdness & Mutations

You reflexively headbutt those who attack you in melee.
You have a pair of horns on your head.


Message History

An ogre comes into view. It is wielding a giant club.
The ogre shouts!
An ogre is nearby!
Found a stone staircase leading down.
The ogre hits you with a giant club!
You hit the ogre.
The ogre is lightly wounded.
The ogre hits you with a giant club!
You barely miss the ogre.
The ogre is lightly wounded.
You block the ogre's attack.
You hit the ogre.
You headbutt the ogre, but do no damage.
The ogre is lightly wounded.
The ogre hits you with a giant club!!
* * * LOW HITPOINT WARNING * * *
You hit the ogre.
The ogre is moderately wounded.
The ogre hits you with a giant club!
You die...

...... #....# ##..>.##....#
#...##. #......#.....#.......
#......#.....#.......
#..=...#.....#.......
#...O..#.....#.......
#...@..#.....#.......
#......#.(...#.......
################..###.........#
....##.#..#.####..###..#.∩.#..##
....#....#....#..................
....#....#....#..........#.......
....#....#....#..........#>......
....#....#....#..........#.......
....##...##...##...##....###...##


You could see an ogre.

Vanquished Creatures
  Sigmund (D:4)
  2 bullfrogs (D:5)
  A water moccasin skeleton (D:4)
  2 centaur skeletons (D:4)
  A quasit (D:4)
  Ijyb (D:4)
  An iguana (D:5)
  2 worker ants (D:4)
  4 adders
  A shadow imp (D:4)
  A white imp (Abyss:1)
  An ooze (D:1)
  A worm (D:4)
  2 leopard geckos (D:3)
  3 orcs
  2 giant cockroaches (D:3)
  8 goblins
  7 hobgoblins
  5 jackals
  7 kobolds
  2 quokkas
  2 ball pythons
  A bat (D:3)
  7 rats
65 creatures vanquished.

Notes
Turn   | Place    | Note
-------+----------+-------------------------------------------
     0 | Abyss:1  | Gargoyl the Minotaur Abyssal Knight began the quest for the Orb.
     0 | Abyss:1  | Reached XP level 1. HP: 19/19 MP: 1/1
    72 | Abyss:1  | Noticed a vampire
    73 | D:1      | Escaped the Abyss
   285 | D:1      | Reached XP level 2. HP: 23/27 MP: 2/2
   349 | D:1      | Reached * piety under Lugonu
   929 | D:2      | Reached XP level 3. HP: 21/33 MP: 3/3
  1204 | D:2      | You fall through a shaft!
  1465 | D:2      | Found an iron altar of Okawaru.
  1533 | D:2      | Reached skill level 3 in Armour
  2112 | D:3      | Found a snail-covered altar of Cheibriados.
  2301 | D:3      | Found a glowing golden altar of the Shining One.
  2383 | D:3      | Found a radiant altar of Vehumet.
  2383 | D:3      | Found an ancient bone altar of Kikubaaqudgha.
  2705 | D:4      | Reached XP level 4. HP: 40/40 MP: 5/5
  2781 | D:4      | Noticed a hand axe
  2781 | D:4      | Found a hide-covered altar of Uskayaw.
  2781 | D:4      | Noticed a dagger
  2781 | D:4      | Noticed Sigmund
  2802 | D:4      | Killed Sigmund
  2802 | D:4      | Reached skill level 4 in Armour
  2802 | D:4      | Reached skill level 1 in Shields
  2802 | D:4      | Reached XP level 5. HP: 29/47 MP: 6/6
  2802 | D:4      | Reached XP level 6. HP: 33/53 MP: 7/7
  2976 | D:4      | Found a shadowy altar of Dithmenos.
  3089 | D:4      | Noticed Ijyb
  3103 | D:4      | Reached skill level 5 in Armour
  3119 | D:4      | HP: 2/53 [disintegration (7)]
  3123 | D:4      | Killed Ijyb
  3470 | D:4      | Reached ** piety under Lugonu
  3484 | D:5      | Entered Level 5 of the Dungeon
  3560 | D:5      | Found Ycwy Ewo's Gadget Boutique.
  3576 | D:5      | Found a shimmering altar of Xom.
  3613 | D:5      | Reached XP level 7. HP: 57/60 MP: 8/8
  3616 | D:5      | Found Syuluum's Assorted Antiques.
  3624 | D:5      | Bought a scroll of teleportation for 78 gold pieces
  3624 | D:5      | Bought a scroll of teleportation for 78 gold pieces
  3647 | D:5      | Found Giriepp's Jewellery Boutique.
  3701 | D:5      | Found Nucilall's Antique Armour Boutique.
  3713 | D:5      | Reached skill level 5 in Axes
  3718 | D:5      | Reached skill level 6 in Armour
  3768 | D:5      | Slain by an ogre

Skill      XL: |  1  2  3  4  5  6  7 |
---------------+----------------------+-----
Invocations    | 2 3 |  3.9
Fighting       | 4 |  4.8
Armour         | 3 4 5 6 |  6.1
Axes           | 3 4 5 |  5.0
Shields        | 1 |  1.6
Dodging        | 2 |  2.0

Action                   |  1- 3 |  4- 6 |  7- 9 || total
-------------------------+-------+-------+-------++-------
Melee: Hand axe          |   110 |   101 |    11 ||   222
       Headbutt          |     9 |    16 |     2 ||    27
Invok: Depart the Abyss  |     1 |       |       ||     1
  Use: Scroll            |     8 |       |       ||     8
       Potion            |       |     4 |       ||     4
  Eat: Chunk             |     5 |     4 |       ||     9
Armor: Chain mail        |    73 |    83 |     5 ||   161
Dodge: Dodged            |    28 |    34 |     6 ||    68
Block: Shield            |    12 |    45 |     6 ||    63
